AoeStats
← jhonskull87

Arena

510116853Analyzed
4v4 RM · 4d ago on Sep 29, 2026· 97m 27s· 8 players
Game mode
Random Map
Map size
Large (8 player)
Population
200
Speed
Normal
Resources
Standard
Victory
Conquest
Starting age
Dark Age
Ending age
Imperial Age
RankedLock teamsTeams togetherTeam positionsShared explorationLock speedFull tech treeHidden civsTurbo modeCheats
Victory
Defeat
🇹🇼 Ethiopians · Taiwan
859
+13
🇬🇧 Portuguese · United Kingdom
849
+13
🇹🇷 Chinese · Türkiye
844
+13
🇲🇽 Persians · Mexico
725
+19
🇪🇸 Malians · Spain
840
-17
🇹🇷 Goths · Türkiye
786
-14
🇪🇸 Franks · Spain
768
-14
🇬🇷 Bengalis · Greece
752
-13
juan22-90
13:16 Feudal Age
19:17 Castle Age
17:26 Double-Bit Axe
17:43 Stone Mining
18:47 Gold Mining
20:35 Scale Barding Armor
20:22 Fletching
20:43 Forging
21:48 Husbandry
25:35 Wheelbarrow
27:10 Gold Shaft Mining
29:01 Hand Cart
29:44 Caravan
35:19 Imperial Age
33:34 Chain Barding Armor
33:50 Iron Casting
33:40 Murder Holes
33:58 Fortified Wall
34:10 Ballistics
36:38 Bodkin Arrow
37:00 Cavalier
38:07 Conscription
37:49 Chivalry
38:28 Hoardings
38:21 Paladin
42:37 Chemistry
42:17 Plate Barding Armor
42:44 Blast Furnace
jesusmorata89
2:45 Loom
12:42 Feudal Age
17:28 Castle Age
15:20 Double-Bit Axe
15:20 Horse Collar
15:35 Stone Mining
15:39 Gold Mining
15:59 Town Watch
19:43 Bow Saw
19:47 Forging
19:28 Fletching
21:05 Gold Shaft Mining
22:17 Scale Mail Armor
22:25 Squires
24:32 Heavy Plow
26:22 Wheelbarrow
27:32 Iron Casting
28:20 Stone Shaft Mining
29:03 Arson
29:47 Ballistics
29:39 Fortified Wall
34:34 Imperial Age
32:27 Hand Cart
32:45 Chain Mail Armor
32:58 Bodkin Arrow
33:37 Masonry
33:51 Town Patrol
34:00 Murder Holes
36:28 Plate Mail Armor
35:37 Elite Gbeto
37:47 Conscription
38:58 Hoardings
38:59 Architecture
39:59 Chemistry
39:46 Scale Barding Armor
77:05 Chain Barding Armor
76:09 Light Cavalry
76:52 Husbandry
77:45 Farimba
80:39 Plate Barding Armor
94:34 Bloodlines
97:13 Crop Rotation
NikosAmilla4
0:46 Loom
8:58 Loom
14:16 Feudal Age
14:55 Horse Collar
15:03 Double-Bit Axe
16:03 Arson
17:01 Man-at-Arms
19:21 Wheelbarrow
18:53 Scale Mail Armor
19:04 Forging
19:26 Gold Mining
25:37 Castle Age
27:21 Long Swordsman
27:46 Gambesons
28:21 Chain Mail Armor
28:42 Iron Casting
29:14 Gold Shaft Mining
28:48 Heavy Plow
30:23 Caravan
30:54 Coinage
31:26 Hand Cart
31:45 Bow Saw
34:48 Masonry
34:33 Murder Holes
34:49 Fortified Wall
39:43 Imperial Age
40:09 Stone Mining
40:57 Gold Shaft Mining
42:09 Banking
41:50 Guilds
42:56 Two-Handed Swordsman
43:00 Pikeman
43:40 Squires
44:14 Crop Rotation
44:47 Two-Man Saw
44:53 Blast Furnace
44:26 Champion
46:16 Town Watch
46:37 Padded Archer Armor
46:27 Fletching
49:29 Architecture
52:52 Town Patrol
52:29 Halberdier
56:16 Chemistry
55:01 Arrowslits
55:37 Ballistics
57:31 Leather Archer Armor
57:12 Bodkin Arrow
57:47 Siege Engineers
57:54 Bodkin Arrow
57:57 Elite Ratha (Ranged)
59:22 Ring Archer Armor
58:58 Scale Barding Armor
60:26 Bracer
61:00 Siege Elephant
64:26 Guard Tower
67:49 Sanctity
71:25 Chain Barding Armor
77:48 Plate Barding Armor
Mirliva1881
4:50 Loom
12:40 Feudal Age
14:41 Wheelbarrow
13:52 Town Watch
19:09 Castle Age
17:01 Double-Bit Axe
16:58 Horse Collar
18:27 Gold Mining
18:34 Stone Mining
18:53 Man-at-Arms
20:24 Squires
20:42 Bow Saw
20:34 Heavy Plow
24:41 Anarchy
27:29 Masonry
28:00 Treadmill Crane
31:51 Imperial Age
30:56 Hand Cart
30:57 Forging
30:48 Scale Mail Armor
30:41 Fletching
31:39 Stone Shaft Mining
35:43 Two-Man Saw
36:11 Crop Rotation
36:38 Iron Casting
36:18 Chain Mail Armor
37:01 Bodkin Arrow
38:47 Elite Huskarl
39:30 Perfusion
41:05 Blast Furnace
40:19 Caravan
40:33 Guilds
46:12 Pikeman
47:00 Halberdier
51:54 Coinage
54:48 Banking
58:15 Chemistry
68:38 Bracer
89:21 Ballistics
88:57 Murder Holes
90:14 Sappers
jhonskull87
13:24 Feudal Age
11:40 Loom
14:42 Double-Bit Axe
14:40 Horse Collar
18:04 Gold Mining
19:59 Forging
20:51 Wheelbarrow
22:21 Fletching
22:32 Padded Archer Armor
26:51 Castle Age
26:42 Scale Barding Armor
28:28 Stone Mining
29:51 Iron Casting
29:12 Bodkin Arrow
29:16 Crossbowman
30:02 Thumb Ring
31:14 Bow Saw
31:29 Ballistics
31:05 Murder Holes
31:47 Leather Archer Armor
32:51 Gold Shaft Mining
32:12 Town Watch
35:16 Stone Shaft Mining
35:01 Masonry
35:11 Bloodlines
35:03 Husbandry
35:44 Heavy Plow
36:58 Kamandaran
37:18 Hand Cart
40:34 Imperial Age
38:39 Light Cavalry
41:44 Ring Archer Armor
41:38 Chain Barding Armor
41:19 Scale Mail Armor
43:02 Chemistry
42:33 Architecture
43:47 Heavy Camel Rider
46:12 Crop Rotation
46:45 Two-Man Saw
47:14 Citadels
57:43 Elite War Elephant
60:29 Blast Furnace
62:32 Conscription
64:44 Chain Mail Armor
66:24 Capped Ram
72:11 Pikeman
72:52 Squires
72:37 Gambesons
75:09 Halberdier
80:21 Heated Shot
84:27 Plate Mail Armor
Brido1970
12:15 Feudal Age
12:17 Man-at-Arms
13:22 Double-Bit Axe
13:20 Horse Collar
19:32 Castle Age
18:10 Forging
18:36 Scale Mail Armor
19:51 Gold Mining
20:11 Long Swordsman
23:06 Crossbowman
25:00 Bow Saw
24:54 Heavy Plow
25:47 Fletching
27:10 Bodkin Arrow
27:16 Padded Archer Armor
32:24 Wheelbarrow
31:37 Loom
35:15 Imperial Age
33:04 Leather Archer Armor
33:45 Thumb Ring
36:05 Ballistics
36:12 Bracer
35:39 Pikeman
37:36 Two-Man Saw
36:47 Arbalester
40:00 Iron Casting
39:20 Stone Mining
40:50 Caravan
42:12 Hand Cart
43:36 Crop Rotation
43:12 Cavalier
44:03 Bloodlines
44:06 Halberdier
48:22 Murder Holes
48:38 Masonry
49:30 Chemistry
50:18 Chain Mail Armor
51:04 Blast Furnace
52:50 Plate Mail Armor
52:26 Scale Barding Armor
53:24 Two-Handed Swordsman
55:13 Guard Tower
56:53 Chain Barding Armor
57:59 Architecture
58:08 Sanctity
58:24 Theocracy
57:46 Herbal Medicine
59:21 Fortified Wall
62:08 Plate Barding Armor
63:17 Keep
66:11 Bombard Tower
66:37 Champion
80:07 Husbandry
88:15 Conscription
90:15 Arquebus
89:38 Elite Organ Gun
97:14 Arson
交保候傳
11:09 Feudal Age
12:38 Loom
15:22 Castle Age
13:36 Double-Bit Axe
13:32 Horse Collar
16:22 Bow Saw
22:38 Heavy Plow
23:16 Wheelbarrow
25:23 Gold Mining
25:27 Stone Mining
25:58 Hand Cart
25:28 Town Watch
26:55 Ballistics
27:48 Fortified Wall
30:41 Imperial Age
28:19 Crossbowman
28:51 Fletching
29:02 Padded Archer Armor
29:16 Murder Holes
29:39 Town Patrol
29:55 Caravan
30:32 Thumb Ring
30:44 Bodkin Arrow
30:50 Padded Archer Armor
32:25 Two-Man Saw
32:04 Gold Shaft Mining
32:04 Stone Shaft Mining
32:42 Chemistry
31:47 Siege Engineers
31:53 Bracer
31:47 Arbalester
33:26 Siege Engineers
34:22 Conscription
35:00 Masonry
34:26 Halberdier
35:06 Squires
34:52 Arson
35:28 Leather Archer Armor
35:14 Scale Mail Armor
35:24 Forging
37:10 Chain Mail Armor
38:53 Plate Mail Armor
38:58 Iron Casting
39:04 Architecture
39:08 Ring Archer Armor
39:29 Torsion Engines
40:50 Guilds
41:10 Coinage
41:23 Coinage
41:04 Guilds
57:13 Banking
66:00 Elite Skirmisher
74:29 Blast Furnace
95:43 Royal Heirs
Külekcikss
1:08 Loom
8:46 Feudal Age
9:15 Double-Bit Axe
12:44 Wheelbarrow
13:26 Horse Collar
19:32 Castle Age
18:54 Padded Archer Armor
18:45 Fletching
19:32 Stone Mining
24:31 Bow Saw
25:08 Heavy Plow
26:26 Gold Mining
28:10 Hand Cart
29:13 Murder Holes
29:13 Town Watch
30:40 Town Patrol
31:38 Coinage
32:15 Bodkin Arrow
32:37 Leather Archer Armor
32:34 Masonry
33:26 Gold Shaft Mining
34:26 Fortified Wall
34:37 Ballistics
35:00 Squires
34:48 Arson
38:04 Imperial Age
37:14 Caravan
39:28 Stone Shaft Mining
39:58 Chemistry
39:35 Architecture
38:47 Pikeman
42:38 Two-Man Saw
41:31 Heated Shot
41:43 Bracer
42:13 Ring Archer Armor
41:53 Forging
41:45 Scale Mail Armor
42:50 Elite Chu Ko Nu
44:34 Banking
44:29 Heavy Rocket Cart
44:47 Elite Fire Lancer
44:58 Halberdier
51:36 Rocketry
52:42 Conscription
52:23 Great Wall
54:21 Iron Casting
79:56 Elite Skirmisher
82:32 Thumb Ring
81:54 Light Cavalry
82:44 Bloodlines
82:34 Husbandry
82:47 Scale Barding Armor
82:57 Chain Mail Armor
83:43 Blast Furnace
Connection lost

Rejoining the realm…

Still unreachable

The connection could not be restored.

Session expired

The server has moved on; the page needs a fresh start.